cohdb
Replays
Latest Replays
All Replays
Popular Replays
Top Player Replays
Match Explorer
How It Works
Community
CoH3 Stats
Reddit
Sign in to upload your games and track your stats! →
Sign in with Steam
Match 42938062
Unlisted
Match 42938062
Overview
Messages
Build Orders
End
Construct Section Command Post
Infantry Section
Selects Air and Sea Battlegroup
Infantry Section
Infantry Section
Infantry Section
Selects Supply Surplus
Construct Field Infirmary
Forward Retreat Point
Construct Platoon Command Post
Construct Company Command Post
Selects Commando Section Paradrop
Selects M1 Pack Howitzer Paradrop
Crusader II Medium Tank
Crusader II Medium Tank
Crusader II Medium Tank
Armored Vehicle Training
Crusader II Medium Tank
Selects Anti-tank Rocket Loiter
Selects UNKNOWN (223837)
Crusader II Medium Tank
gxxg TR
CommandantKitty
Pai
DarxSokul
金爷爷用石头击落美帝
为她摘下樱花
99A
3axap
0
0
Comments
sign in to comment!
No comments posted yet!